[Event "44th Chess Olympiad Open 2022"]
[Site "Chennai"]
[Date "2022.08.08"]
[Round "10.75"]
[White "De Gondo, Simplice Armel"]
[Black "Shawabke Ziyad"]
[Result "1-0"]
[WhiteElo "2135"]
[BlackElo "1786"]
[Annotator "NA RC"]
[PlyCount "101"]
[EventDate "2022.??.??"]
[TimeControl "60"]

1. d4 Nf6 2. Nf3 d5 3. e3 c5 4. c3 e6 5. Nbd2 Nc6 6. Bd3 Bd6 7. O-O O-O 8. Qe2 b6 9. e4 dxe4 10. Nxe4 Bb7 11. Nxf6+ gxf6 12. Bh6 Re8 13. dxc5 bxc5 14. Rad1 Ne7 15. Bb5 Qc7 16. Bxe8 Rxe8 17. h3 Kh8 18. Rd2 Rg8 19. Rfd1 Nf5 20. Rxd6 Nxd6 21. Bf4 Qc6 22. Rxd6 Qxf3 23. Qxf3 Bxf3 24. Bg3 Bd5 25. b3 c4 26. b4 h5 27. h4 Kg7 28. Rd7 Ra8 29. f3 Kf8 30. Bd6+ Kg7 31. b5 e5 32. Bc5 Be6 33.
Rxa7 Rxa7 34. Bxa7 Kf8 35. Bc5+ Ke8 36. Kf2 Kd7 37. Ke3 Bd5 38. g4 Ke6 39. gxh5 Kf5 40. a4 Be6 41. Bf8 Bd5 42. Bg7 Be6 43.
h6 Kg6 44. h5+ Kh7 45. Bxf6 Kxh6 46. Bxe5 Kxh5 47. b6 Bd5 48. f4 Bb7 49. Kd4 Kg6 50. Kxc4 f6 51. Bc7 1-0

[Event "44th Chess Olympiad Open 2022"]
[Site "Chennai"]
[Date "2022.08.08"]
[Round "10.75"]
[White "Altell, Majed"]
[Black "Mambe, Lobognon Anderson O"]
[Result "0-1"]
[WhiteElo "1807"]
[BlackElo "1921"]
[Annotator "NA RC"]
[PlyCount "52"]
[EventDate "2022.??.??"]
[TimeControl "60"]

1. d4 g6 2. c4 Bg7 3. Nc3 c6 4. Nf3 d6 5. e4 Bg4 6. Be2 Bxf3 7. Bxf3 Qb6 8.
d5 c5 9. O-O Nd7 10. Rb1 Bxc3 11. bxc3 Qxb1 12. Qd2 Qb6 13. h4 Ngf6 14. Re1 Ne5 15. Be2 Nxe4 16. Qe3 Nf6 17. f4 Ned7 18. Bg4 O-O-O 19. Bh3 h5 20. Bd2 Qa6 21. Qd3 Rde8 22. f5 gxf5 23. Qxf5 Kb8 24. Qd3 Ne5 25. Qc2 Qxc4 26. Qb2 Nd3 0-1

[Event "44th Chess Olympiad Open 2022"]
[Site "Chennai"]
[Date "2022.08.08"]
[Round "10.75"]
[White "Amako Marc Arnold"]
[Black "Miswadah, Baha"]
[Result "0-1"]
[WhiteElo "1547"]
[BlackElo "1985"]
[Annotator "NA RC"]
[PlyCount "64"]
[EventDate "2022.??.??"]
[TimeControl "60"]

1. e4 c5 2. Nf3 g6 3. d4 cxd4 4. Qxd4 Nf6 5. Nc3 Nc6 6. Qa4 d6 7. e5 dxe5 8. Nxe5 Qd4 9. Nc4 Ng4 10. Be3 Nxe3 11. fxe3 Qd8 12. Rd1 Bd7 13. Nb5 Bg7 14. Be2 O-O 15. O-O a6 16. Bg4 axb5 17. Qxb5 f5 18.
Bf3 Nd4 19. Qxb7 Rb8 20. Qa7 Be6 21. b3 Bxc4 22. bxc4 Nxf3+ 23. gxf3 Qb6 24. Rd7 Qxa7 25. Rxa7 Bf6 26. Rd1 Rfc8 27. a4 Rxc4 28. Rd2 f4 29. e4 Bd4+ 30. Rxd4 Rxd4 31. Kg2 Kf7 32. a5 Rb2 0-1

[Event "44th Chess Olympiad Open 2022"]
[Site "Chennai"]
[Date "2022.08.08"]
[Round "10.76"]
[White "Fancy, Stuart"]
[Black "Prudente, Elmer"]
[Result "1-0"]
[WhiteElo "1984"]
[BlackElo "1995"]
[Annotator "NA RC"]
[PlyCount "103"]
[EventDate "2022.??.??"]
[TimeControl "60"]

1. Nc3 d5 2. d4 Nf6 3. Bg5 e6 4. e4 dxe4 5. Bxf6 Qxf6 6.
Nxe4 Qg6 7. Qf3 Qh6 8. Bd3 Nc6 9. c3 Be7 10. Ne2 O-O 11. Qg3 f5 12. Nd2 Bd6 13. f4 Be7 14. Nf3 Rb8 15. O-O b5 16. b4 Bd6 17. Bc2 Ne7 18.
Bb3 Bb7 19. Qg5 Qf6 20. Ne5 Rbd8 21. Qxf6 Rxf6 22. a4 bxa4 23. Rxa4 a6 24. Bc4 Nd5 25. Bxa6 Ba8 26. g3 h5 27. Bb5 Bxe5 28. fxe5 Rff8 29. Ra7 Rb8 30. Bc4 h4 31. gxh4 Rb6 32. Kf2 f4 33. Bxd5 Bxd5 34. Rxc7 f3 35. Nc1 Ra6 36. Rg1 Rf7 37. Rc5 Ra1 38. c4 Be4 39. d5 Rb1 40. dxe6 Re7 41. Ke3 Bb7 42. Rb5 Bc6 43. Rb8+ Kh7 44. Rb6 Rxe6 45. Kf4 Rh6 46. b5 f2 47. Rf1 Bg2 48. Rxh6+ Kxh6 49. Rxf2 Rxc1 50. Rxg2 Rxc4+ 51. Kf5 Rb4 52. Rg6+ 1-0

[Event "44th Chess Olympiad Open 2022"]
[Site "Chennai"]
[Date "2022.08.08"]
[Round "10.76"]
[White "Soriano, Rudolph P."]
[Black "McCoy, Tom"]
[Result "0-1"]
[WhiteElo "1824"]
[BlackElo "1812"]
[Annotator "NA RC"]
[PlyCount "134"]
[EventDate "2022.??.??"]
[TimeControl "60"]

1. Nf3 Nf6 2. c4 c5 3. Nc3 Nc6 4. d4 cxd4 5. Nxd4 e5 6. Nb3 Bb4 7. a3 Bxc3+ 8. bxc3 d5 9. cxd5 Qxd5 10. Nd2 Be6 11. Qa4 e4 12. e3 O-O 13. Be2 Rfd8 14. O-O Qe5 15. Rb1 Rab8 16. Rd1 Ng4 17. Nf1 Rxd1 18. Bxd1 Qxc3 19. Bxg4 Bxg4 20. Bb2 Qd3 21. Rc1 Rd8 22. f3 Bf5 23. f4 Be6 24. Bc3 Bc4 25. h3 h5 26. h4 Rd6 27. Qc2 Qxc2 28.
Rxc2 Rd1 29. Rf2 Ne7 30. Bd4 Nf5 31. Bxa7 Ng3 32. Rc2 b5 33. a4 Bd3 34. Rc8+ Kh7 35. Kf2 Nxf1 36. axb5 Bxb5 37. Rc5 Bd3 38. Rxh5+ Kg8 39. Rg5 f6 40. Rg6 Kf7 41. h5 Nd2 42. Bd4 Rc1 43. Kg3 Be2 44. Bxf6 gxf6 45. f5 Rc8 46. Kf2 Bxh5 47. Rh6 Bg4 48. Rh7+ Ke8 49. Rh8+ Kd7 50. Rh7+ Kd6 51. Kg3 Bxf5 52. Rh5 Ke5 53. Rh1 Rg8+ 54. Kf2 Nc4 55. Re1 Nb2 56. Ra1 Nd3+ 57. Kf1 Rg3 58. Ra5+ Ke6 59. Ra6+ Kf7 60. Ra7+ Kg6 61. Ra8 Rxe3 62. Kg1 Re1+ 63. Kh2 Kg5 64. Rg8+ Kf4 65. Rf8 e3 66. Rxf6 e2 67. g3+ Ke5 0-1

[Event "44th Chess Olympiad Open 2022"]
[Site "Chennai"]
[Date "2022.08.08"]
[Round "10.76"]
[White "Jones, Rupert"]
[Black "Estur, Gavino Aguilar"]
[Result "1-0"]
[WhiteElo "1766"]
[BlackElo "1598"]
[Annotator "NA RC"]
[PlyCount "151"]
[EventDate "2022.??.??"]
[TimeControl "60"]

1. e4 e5 2. Nf3 Nc6 3. Bb5 d6 4. c3 Bd7 5. d3 h6 6. Be3 a6 7. Ba4 Nf6 8. h3 Be7 9. Nbd2 b5 10. Bb3 Na5 11. Bc2 O-O 12. O-O c5 13.
d4 Qc7 14. Rc1 Rac8 15. b4 cxb4 16. cxb4 Nb7 17. Bb1 Qb8 18. Qb3 a5 19. a3 axb4 20. axb4 Nh7 21. Rfd1 Be6 22. Qb2 Rxc1 23. Rxc1 Bf6 24. Nh2 Bg5 25. Bxg5 Nxg5 26. h4 Nh7 27. Ndf3 f6 28. Bd3 Bd7 29. Qa2+ Kh8 30. Qa6 Nd8 31. d5 Nf7 32. Nd2 Rd8 33. Nb3 Nf8 34. Na5 Qa8 35. Bxb5 Bxb5 36. Qxb5 Rb8 37. Qc4 Nd7 38. Nc6 Rb6 39. Qc3 Kh7 40. Ra1 Qc8 41. Qa3 Nd8 42. Nxd8 Qxd8 43. Nf1 Qb8 44. Qa7 Qxa7 45. Rxa7 Nb8 46. Ra4 Na6 47. Ne3 Nxb4 48. Nc4 Rb8 49. Nxd6 Nd3 50. Ra1 h5 51. Nf5 Nc5 52. f3 Rd8 53. Ra5 Nd7 54. Ra7 Kg8 55. Ne7+ Kf8 56. Nc6 Ke8 57. Nxd8 Kxd8 58. Kf2 Ke7 59. Ke3 Kd6 60. Kd2 Ke7 61. Ke3 Ke8 62. g3 Ke7 63. f4 exf4+ 64. Kxf4 g6 65. Rxd7+ Kxd7 66. e5 fxe5+ 67. Kxe5 Ke7 68. d6+ Kd7 69. Kd5 Kd8 70. Ke6 Ke8 71. Kf6 Kd7 72. Kxg6 Kxd6 73. Kxh5 Ke7 74. Kg6 Kf8 75. Kh7 Kf7 76. g4 1-0

[Event "44th Chess Olympiad Open 2022"]
[Site "Chennai"]
[Date "2022.08.08"]
[Round "10.77"]
[White "Martyr, Reginald"]
[Black "Nevska, Gerda"]
[Result "1-0"]
[WhiteElo "2194"]
[BlackElo "1840"]
[Annotator "RC"]
[PlyCount "134"]
[EventDate "2022.??.??"]
[TimeControl "60"]

1. Nf3 c5 2. b3 Nf6 3. Bb2 g6 4. c4 Nc6 5. g3 Bg7 6. Bg2 O-O 7. O-O d6 8. d4 cxd4 9. Nxd4 Bd7 10. Nc3 Nxd4 11. Qxd4 Bc6 12. Nd5 Nh5 13. Qd2 Bxb2 14. Qxb2 e6 15. Nc3 Bxg2 16. Kxg2 Qb6 17. Rad1 f5 18. e3 Rad8 19. Rd4 Rd7 20. Qe2 Qc6+ 21. Qf3 a6 22. Qxc6 bxc6 23. Rfd1 Rfd8 24. c5 d5 25. Rb4 a5 26. Rb6 Rc7 27. Ra6 e5 28.
Rxa5 Nf6 29. Ne2 Rdd7 30. b4 Ra7 31. Rxa7 Rxa7 32. Rd2 Ne8 33.
Nc1 Kf7 34. Nb3 Ke6 35. Na5 Kd7 36. a4 Nc7 37. Nc4 Ke6 38.
Nb6 Na6 39. Rb2 d4 40. exd4 exd4 41. Kf3 Ke5 42. Ke2 Nc7 43. Kd3 Ne6 44. f4+ Kf6 45. Kc4 g5 46. fxg5+ Kxg5 47. b5 cxb5+ 48. axb5 d3 49. Rd2 Kg4 50. Rxd3 Ra2 51. Kd5 f4 52. Kxe6 f3 53. Rxf3 Kxf3 54. c6 Rc2 55. Kd6 Rd2+ 56. Ke7 Rc2 57. Kd7 Rd2+ 58. Kc8 Rb2 59. c7 Rxb5 60. Kd7 Rc5 61. c8=Q Rxc8 62. Nxc8 h5 63. Ne7 Kg2 64. Nf5 Kxh2 65. Ke6 Kh3 66. Kf6 Kg4 67. Kg6 Kf3 1-0

[Event "44th Chess Olympiad Open 2022"]
[Site "Chennai"]
[Date "2022.08.08"]
[Round "10.77"]
[White "Brookfield, Toby"]
[Black "Sixtus Gabriel"]
[Result "1-0"]
[WhiteElo "1815"]
[BlackElo "1787"]
[Annotator "NA RC"]
[PlyCount "117"]
[EventDate "2022.??.??"]
[TimeControl "60"]

1. e4 g6 2. Nc3 Bg7 3. Bc4 d6 4. d3 Nf6 5. f4 c6 6. Bb3 Nbd7 7. Nf3 Nc5 8. O-O O-O 9. Qe1 Nxb3 10. axb3 Nd7 11. f5 Ne5 12. Qh4 e6 13. Bg5 f6 14. Be3 exf5 15. Nxe5 fxe5 16. Qxd8 Rxd8 17. Bxa7 Be6 18. Bb6 Rdc8 19. Bf2 d5 20. Na4 Bf8 21. exf5 gxf5 22. Rae1 Bg7 23. Nb6 e4 24. c3 Bf6 25. b4 h5 26. Nxc8 Rxc8 27. dxe4 dxe4 28. Bb6 Kg7 29. Ra1 Re8 30. Ra7 Bc8 31. Be3 Rd8 32. Kf2 Be5 33. g3 Kf6 34. Raa1 h4 35. gxh4 f4 36. Ke1 f3 37. Bg5+ Kf5 38. Bxd8 Bxh2 39. Kf2 Kg4 40. Bg5 Be6 41. Ke3 Bd5 42. b3 Bc7 43. Be7 Bf4+ 44. Kd4 Kf5 45. c4 Be5+ 46. Ke3 Bf4+ 47. Kd4 Be5+ 48. Kc5 Bf7 49. Bg5 b5 50. Ra7 Bh5 51. Kxc6 Bd4 52. Rh7 Bg4 53. Rf7+ Ke6 54. Rf4 Bf5 55. Rxf5 Kxf5 56. c5 Kg4 57. Kb7 f2 58. c6 Kf3 59. c7 1-0

[Event "44th Chess Olympiad Open 2022"]
[Site "Chennai"]
[Date "2022.08.08"]
[Round "10.77"]
[White "Mathurin, Nathaniel"]
[Black "Morgan, Jamie"]
[Result "1-0"]
[WhiteElo "1722"]
[BlackElo "1753"]
[Annotator "NA RC"]
[PlyCount "93"]
[EventDate "2022.??.??"]
[TimeControl "60"]

1. Nf3 c5 2. g3 Nc6 3. d4 cxd4 4. Nxd4 Nf6 5. c4 e6 6. Bg2 Bb4+ 7. Bd2 Qa5 8. Nb5 Bxd2+ 9. Qxd2 Qxd2+ 10. Kxd2 Ke7 11. c5 b6 12. cxb6 axb6 13. e4 Ba6 14. N1c3 Bxb5 15. Nxb5 Ra4 16. Nc3 Rd4+ 17. Ke2 Rd8 18. Rhd1 d5 19. exd5 exd5 20. Rxd4 Nxd4+ 21. Kd3 Ne6 22. b4 d4 23. Nd1 Ng4 24. f4 Rc8 25. f5 Ng5 26. h4 Ne5+ 27. Kxd4 Ngf3+ 28. Bxf3 Nxf3+ 29. Kd5 f6 30. Ne3 Ne5 31. a4 Nd3 32. Rb1 Rc3 33.
Kd4 Ra3 34. Nc2 Rxa4 35. Kxd3 Kd6 36. Re1 Kd7 37. Re6 Ra6 38. Kc4 g6 39. Kb5 Ra2 40. Rxf6 Rxc2 41. fxg6 hxg6 42. Rxg6 Kc7 43. h5 Re2 44. Rg7+ Kc8 45. h6 Re5+ 46. Ka6 Rh5 47. h7 1-0

[Event "44th Chess Olympiad Open 2022"]
[Site "Chennai"]
[Date "2022.08.08"]
[Round "10.78"]
[White "Strovsky, Mikhail"]
[Black "Terubea, Ronald"]
[Result "1/2-1/2"]
[WhiteElo "2158"]
[BlackElo "1742"]
[Annotator "NA RC"]
[PlyCount "88"]
[EventDate "2022.??.??"]
[TimeControl "60"]

1. e4 d5 2. exd5 Nf6 3. Nc3 Nxd5 4. Nxd5 Qxd5 5. Nf3 Bg4 6.
Be2 Nc6 7. O-O O-O-O 8. d3 e5 9. Re1 Bc5 10. Nxe5 Bxe2 11.
Qxe2 Nxe5 12. Qxe5 Rhe8 13. Qxe8 Rxe8 14. Rxe8+ Kd7 15. Re2 Qh5 16. Re1 Qh4 17. Be3 Bd6 18. g3 Qg4 19. Kg2 f5 20. f4 h6 21. h3 Qh5 22. Bd4 Qf7 23. c4 g5 24. Be5 gxf4 25. Bxd6 cxd6 26. gxf4 Qg7+ 27. Kf3 Qxb2 28. Rab1 Qc3 29. Rxb7+ Kc6 30. Ree7 Qxd3+ 31.
Kf2 Kc5 32. Rxa7 Qxh3 33. a4 Qh4+ 34. Kg2 Qg4+ 35. Kh1 Qf3+ 36. Kg1 Qg3+ 37. Kh1 h5 38. a5 Qf3+ 39. Kg1 h4 40. a6 h3 41. Rg7 Kb6 42. Rgb7+ Kc6 43. Rc7+ Kb6 44. Rcb7+ Kc6 1/2-1/2

[Event "44th Chess Olympiad Open 2022"]
[Site "Chennai"]
[Date "2022.08.08"]
[Round "10.78"]
[White "Nadan, Avinesh"]
[Black "Egbe, Kossi Thierry"]
[Result "0-1"]
[WhiteElo "1540"]
[BlackElo "1703"]
[Annotator "NA RC"]
[PlyCount "66"]
[EventDate "2022.??.??"]
[TimeControl "60"]

1. e4 e6 2. Nf3 d5 3. exd5 exd5 4. d4 Bd6 5. Nc3 Ne7 6. Bd3 Nbc6 7. Nb5 O-O 8. Nxd6 Qxd6 9. c3 h6 10. Qc2 a6 11. Bd2 Re8 12. O-O-O b5 13.
Rde1 Be6 14. Ne5 b4 15. f4 bxc3 16. Bxc3 Nxe5 17. fxe5 Qb6 18. Qa4 c5 19. dxc5 Qxc5 20. Qd4 Qc7 21. Kd2 Nc6 22. Qc5 Qb7 23. Rc1 d4 24. Ba5 Nxa5 25. Qxa5 Qxg2+ 26. Be2 d3 27. Kxd3 Bf5+ 28. Ke3 Qe4+ 29. Kf2 Rxe5 30. Qd2 Qh4+ 31. Kg1 Bh3 32. Rc3 Rg5+ 33. Bg4 Rxg4+ 0-1

[Event "44th Chess Olympiad Open 2022"]
[Site "Chennai"]
[Date "2022.08.08"]
[Round "10.78"]
[White "Ballebako, Kokou Difendramakad"]
[Black "Jaiswal Prashant S"]
[Result "1/2-1/2"]
[WhiteElo "1524"]
[BlackElo "1683"]
[Annotator "NA RC"]
[PlyCount "98"]
[EventDate "2022.??.??"]
[TimeControl "60"]

1. d4 Nf6 2. Bf4 d5 3. e3 c5 4. c3 cxd4 5. exd4 Bf5 6. Nf3 e6 7. Be2 Nbd7 8. O-O Be7 9. h3 O-O 10. Nbd2 Ne4 11. Re1 Ndf6 12. Nf1 Bd6 13. Ne5 Nd7 14. Nxd7 Qxd7 15. Bxd6 Qxd6 16. Ne3 Bg6 17. Rc1 Rac8 18. c4 dxc4 19. Bxc4 Nf6 20. d5 exd5 21. Nxd5 Nxd5 22. Qxd5 Qxd5 23. Bxd5 Rcd8 24. Bxb7 h5 25. Be4 Bxe4 26.
Rxe4 Rd2 27. Re7 Rxb2 28. Rxa7 Rbb8 29. a4 Ra8 30. Rxa8 Rxa8 31. Ra1 Ra5 32. Kf1 Kf8 33. Ke2 Ke7 34. Kd3 Kd6 35. Kc4 Kc6 36. Kb4 Re5 37. a5 Re4+ 38. Kc3 Kb7 39. Kd3 Re6 40. g4 hxg4 41. hxg4 Ka6 42. f4 g6 43. f5 gxf5 44. gxf5 Re5 45. Rf1 f6 46. Ra1 Rxf5 47. Ke4 Rf2 48. Ke3 Rf5 49. Ke4 Rf2 1/2-1/2

[Event "44th Chess Olympiad Open 2022"]
[Site "Chennai"]
[Date "2022.08.08"]
[Round "10.78"]
[White "Prakash, Prashil"]
[Black "Tchouka, Yakini"]
[Result "1-0"]
[WhiteElo "1514"]
[BlackElo "1934"]
[Annotator "NA RC"]
[PlyCount "79"]
[EventDate "2022.??.??"]
[TimeControl "60"]

1. d4 Nf6 2. Nf3 e6 3. Bg5 h6 4. Bf4 b6 5. h3 Bb7 6. e3 d6 7. Bd3 Nbd7 8. Nbd2 Be7 9. Qe2 c5 10. c3 O-O 11. O-O Re8 12. Nc4 Qc7 13.
Rfe1 b5 14. Ncd2 a6 15. Rac1 Qc6 16. e4 c4 17. Bb1 Nf8 18.
e5 dxe5 19. dxe5 N6d7 20. Be4 Qc7 21. Bxb7 Qxb7 22. Nd4 Nc5 23. Ne4 Nd3 24. Qg4 Ng6 25. Bxh6 gxh6 26. Nxe6 Kh7 27. Nd4 Nxe1 28. Rxe1 Qd5 29. Qf5 Kg7 30. Nf6 Bxf6 31. exf6+ Kh7 32. Qxd5 Rxe1+ 33. Kh2 Ra7 34. Nf5 Re5 35. Qd4 Rb7 36. g4 Rc7 37. Qd2 Rxf5 38. gxf5 Ne5 39. Qf4 Rc5 40. Qg3 1-0

[Event "44th Chess Olympiad Open 2022"]
[Site "Chennai"]
[Date "2022.08.08"]
[Round "10.79"]
[White "Cisse, Amadou Lamine"]
[Black "Shaw, Clifford"]
[Result "0-1"]
[WhiteElo "2005"]
[BlackElo "1615"]
[Annotator "NA RC"]
[PlyCount "66"]
[EventDate "2022.??.??"]
[TimeControl "60"]

1. d4 e6 2. e3 f5 3. c4 Nf6 4. Nc3 b6 5. Nf3 Bb4 6. Qc2 O-O 7. Be2 Ne4 8.
O-O Bxc3 9. bxc3 Bb7 10. Rd1 d6 11. a4 a5 12. Rb1 Nd7 13.
Ba3 g5 14. Nd2 Ndf6 15. Nf1 g4 16. d5 e5 17. f3 gxf3 18.
gxf3 Kh8 19. Bd3 Rg8+ 20. Kh1 Ng5 21. Bxf5 Nxf3 22. Ng3 Ng4 23. Bxg4 Rxg4 24. Qf5 Nxh2 25. Rb2 Bc8 26. Qf2 Rh4 27. Kg1 Bg4 28. Rdd2 Nf3+ 29. Kf1 Rh2 30. Qxh2 Nxh2+ 31. Rxh2 Qg5 32. Rbf2 Qg6 33. e4 h5 0-1

[Event "44th Chess Olympiad Open 2022"]
[Site "Chennai"]
[Date "2022.08.08"]
[Round "10.79"]
[White "Young, Christopher"]
[Black "Lesbros Bernard"]
[Result "1-0"]
[WhiteElo "1990"]
[BlackElo "1865"]
[Annotator "NA RC"]
[PlyCount "78"]
[EventDate "2022.??.??"]
[TimeControl "60"]

1. d4 Nf6 2. c4 g6 3. Nc3 d5 4. Bg5 Ne4 5. Bh4 Nxc3 6. bxc3 Bg7 7. e3 c5 8. Nf3 cxd4 9. cxd4 Nc6 10. Rb1 O-O 11. Be2 a6 12. O-O dxc4 13.
a4 Na5 14. Nd2 Be6 15. Qc2 Rc8 16. Qc3 Re8 17. Rfc1 Nb3 18. Nxb3 cxb3 19. Qb4 Rxc1+ 20. Rxc1 Qd7 21. h3 Rc8 22. Rb1 h6 23. Bd1 Rc4 24. Qxe7 Qxe7 25. Bxe7 b2 26. Ba3 Bf5 27. Rxb2 Rc1 28. Rd2 Rb1 29. Kh2 Bd7 30. Bf3 Bxa4 31. d5 Bf6 32. d6 Bd7 33. Rc2 Kf8 34. Rc7 Ke8 35.
Bxb7 Rb6 36. Bc8 Bxc8 37. Rxc8+ Kd7 38. Rc7+ Ke8 39. g3 Rb3 1-0

[Event "44th Chess Olympiad Open 2022"]
[Site "Chennai"]
[Date "2022.08.08"]
[Round "10.79"]
[White "Wane, Al Hassane"]
[Black "Tracey, Shaun M"]
[Result "1-0"]
[WhiteElo "1750"]
[BlackElo "1650"]
[Annotator "NA RC"]
[PlyCount "105"]
[EventDate "2022.??.??"]
[TimeControl "60"]

1. e4 d5 2. exd5 Qxd5 3. Nc3 Qa5 4. Nf3 Nf6 5. d4 Bf5 6. Bd2 c6 7. Bc4 e6 8. O-O Qc7 9. Ne2 Nbd7 10. Ng3 Bg4 11. h3 Bxf3 12. Qxf3 Bd6 13. Rae1 O-O-O 14. b4 Nb6 15. Bb3 h5 16. h4 Ng4 17. c4 Rd7 18.
a4 Qd8 19. Bg5 Be7 20. Ne4 f6 21. a5 Na8 22. a6 fxg5 23. axb7+ Rxb7 24. c5 Nc7 25. Nxg5 Bxg5 26. hxg5 Nd5 27. Rxe6 Qc7 28. g3 Rd8 29. Ba4 Qf7 30. Rxc6+ Kb8 31. Qxf7 Rxf7 32. Bb3 Rfd7 33. b5 Nb4 34. Rg6 Rf8 35. c6 Re7 36. Be6 Kc7 37. f4 Kb6 38. Rc1 Kc7 39. d5 Rd8 40.
Rd1 Ne3 41. d6+ Rxd6 42. Rxd6 Kxd6 43. Bf7+ Kc5 44. Rxg7 Ng4 45. g6 Nd3 46. Rg8 Re1+ 47. Kg2 Ndf2 48. c7 Rh1 49. c8=Q+ Kd4 50. Rd8+ Ke3 51. Qe6+ Ne4 52. Qb3+ Ke2 53. Qd3+ 1-0

[Event "44th Chess Olympiad Open 2022"]
[Site "Chennai"]
[Date "2022.08.08"]
[Round "10.79"]
[White "Powell, Malcolm"]
[Black "Badji, Sekou Aransbene"]
[Result "0-1"]
[WhiteElo "1218"]
[BlackElo "1732"]
[Annotator "NA RC"]
[PlyCount "56"]
[EventDate "2022.??.??"]
[TimeControl "60"]

1. Nf3 d5 2. c4 d4 3. g3 Nc6 4. Bg2 e5 5. d3 Nf6 6. O-O Be7 7. e3 O-O 8. Na3 Bg4 9. Nc2 Qd7 10. e4 a5 11. a3 a4 12. Bg5 Qe6 13. Qd2 Na5 14. Rab1 Nb3 15.
Qe1 Nd7 16. Bxe7 Qxe7 17. Nd2 Ndc5 18. Nb4 c6 19. Nxb3 Nxb3 20. Nc2 Bh5 21. f3 Bg6 22. Nb4 f5 23. Na2 fxe4 24. fxe4 Qg5 25. Rd1 Bh5 26. Nc1 Rxf1+ 27. Bxf1 Bxd1 28. Nxb3 Bxb3 0-1

[Event "44th Chess Olympiad Open 2022"]
[Site "Chennai"]
[Date "2022.08.08"]
[Round "10.80"]
[White "Khan, Taffin"]
[Black "Muheto, Dieudonne"]
[Result "1/2-1/2"]
[WhiteElo "2019"]
[BlackElo "1830"]
[Annotator "NA RC"]
[PlyCount "94"]
[EventDate "2022.??.??"]
[TimeControl "60"]

1. d4 Nf6 2. c4 c5 3. d5 b5 4. cxb5 a6 5. bxa6 g6 6. Nc3 Bg7 7. e4 O-O 8. Nf3 Qa5 9. Bd2 Bxa6 10. Bxa6 Qxa6 11. Qe2 Qxe2+ 12. Kxe2 Na6 13. a3 d6 14. h3 Nd7 15. Rab1 c4 16. Na2 Ndc5 17. Rhc1 Nxe4 18. Rxc4 Nxd2 19. Nxd2 Rfc8 20. Rc6 Rcb8 21. b4 Rb5 22. Nc3 Bxc3 23. Rxc3 Rxd5 24. Rc6 Rb5 25. Ne4 Kg7 26. Nc3 Re5+ 27. Kd3 g5 28. a4 h5 29. a5 Nxb4+ 30. Rxb4 Raxa5 31. Rcc4 Re1 32. Re4 Rg1 33. g3 e6 34. h4 Rf1 35. Re2 Rf5 36. Ne4 g4 37. Rbb2 Rc1 38. Rbc2 Rd1+ 39. Red2 Rf3+ 40. Ke2 Rxd2+ 41. Rxd2 d5 42. Nc5 Rc3 43. Nd3 Rc4 44. Nf4 Re4+ 45. Kd1 Re5 46. Re2 Rf5 47. Kd2 Kf8 1/2-1/2

[Event "44th Chess Olympiad Open 2022"]
[Site "Chennai"]
[Date "2022.08.08"]
[Round "10.80"]
[White "Elvis Havyarimana"]
[Black "Lee, Ethan"]
[Result "1/2-1/2"]
[WhiteElo "1724"]
[BlackElo "1629"]
[Annotator "NA RC"]
[PlyCount "112"]
[EventDate "2022.??.??"]
[TimeControl "60"]

1. d4 d5 2. c4 Nf6 3. Nc3 e6 4. e3 Be7 5. Nf3 c6 6. Bd3 O-O 7. O-O b6 8. Bd2 Ba6 9. b3 dxc4 10. bxc4 c5 11. Re1 cxd4 12. exd4 Nc6 13. Bf4 Rc8 14. d5 exd5 15. Nxd5 Nxd5 16. cxd5 Bxd3 17. dxc6 Bb5 18. c7 Rxc7 19. Qxd8 Bxd8 20. Bxc7 Bxc7 21. Re7 Bb8 22. a4 Re8 23. Rae1 Rxe7 24. Rxe7 Bxa4 25. Rb7 Bd6 26. Rxa7 b5 27. Ne5 h6 28. Ra8+ Kh7 29. Nxf7 Bc7 30. Ra7 Bb6 31. Rb7 Bc5 32. Ne5 Bd6 33. Nc6 Kg6 34. Ne7+ Kg5 35. Nd5 Be5 36. f4+ Bxf4 37. Nxf4 Kxf4 38. Rxg7 Ke3 39. Rh7 Kd3 40. Rxh6 Bc2 41. Rb6 Kc4 42. h4 b4 43. g4 b3 44. g5 Kc3 45. g6 b2 46. Rxb2 Kxb2 47. g7 Bh7 48. Kg2 Kc3 49. Kg3 Kd4 50.
Kf4 Kd5 51. Kg5 Ke6 52. Kh6 Bg8 53. Kg6 Ke7 54. h5 Bf7+ 55.
Kh7 Kf6 56. h6 Kg5 1/2-1/2

[Event "44th Chess Olympiad Open 2022"]
[Site "Chennai"]
[Date "2022.08.08"]
[Round "10.80"]
[White "Nathoo, Loris"]
[Black "Mutabazi Hugues"]
[Result "1-0"]
[WhiteElo "1695"]
[BlackElo "1666"]
[Annotator "NA RC"]
[PlyCount "108"]
[EventDate "2022.??.??"]
[TimeControl "60"]

1. d4 Nf6 2. Bf4 d5 3. e3 e6 4. Nf3 c5 5. c3 Nc6 6. Nbd2 Be7 7. Bd3 cxd4 8. exd4 Qb6 9. Qc2 h6 10. h3 Bd7 11. Ne5 Rc8 12. Qb3 Qxb3 13.
axb3 a6 14. O-O O-O 15. b4 Nxe5 16. Bxe5 Ne8 17. Bh2 Nd6 18. Nb3 Bc6 19. Na5 Rfd8 20. Ra2 Rd7 21. Nxc6 Rxc6 22. Bxd6 Rcxd6 23. b5 axb5 24. Bxb5 Rd8 25. Bd3 Rb6 26. f4 g6 27. g4 Kg7 28. Kg2 Bh4 29. Rb1 Rc8 30. Ra5 Bf6 31. Rb5 Rcc6 32. Rxb6 Rxb6 33. Kf3 Be7 34. b3 Bf6 35. Ke3 Kf8 36. Kd2 Ke7 37. Kc2 Rc6 38.
Kb2 Kd6 39. Ra1 Rc8 40. Rh1 g5 41. Rf1 Ke7 42. Bb5 Rc7 43.
Rf3 Bg7 44. fxg5 hxg5 45. Ka3 Kd6 46. Kb4 e5 47. dxe5+ Bxe5 48. Rd3 Ke6 49. c4 dxc4 50. Bxc4+ Ke7 51. Kb5 Rc6 52. Bd5 Rd6 53. Be4 Rxd3 54. Bxd3 Bd4 1-0

[Event "44th Chess Olympiad Open 2022"]
[Site "Chennai"]
[Date "2022.08.08"]
[Round "10.81"]
[White "Fuad, Ahmed Mufleh"]
[Black "Bridet, Robert"]
[Result "1-0"]
[WhiteElo "2086"]
[BlackElo "1497"]
[Annotator "NA RC"]
[PlyCount "101"]
[EventDate "2022.??.??"]
[TimeControl "60"]

1. d4 Nf6 2. c4 e6 3. Nf3 d5 4. g3 Be7 5. Bg2 c6 6. O-O Nbd7 7. Nc3 O-O 8.
Re1 Nb6 9. c5 Nbd7 10. b4 Re8 11. a4 Nf8 12. b5 Ng6 13. e4 dxe4 14. Ng5 Nd5 15. Ngxe4 f5 16. Nxd5 exd5 17. Nd6 Rf8 18. Nxc8 Rxc8 19. h4 Rf7 20. h5 Nf8 21. Bf4 Qd7 22. Qd3 Ne6 23. Be5 Bf6 24. Qxf5 Nxc5 25. Qxd7 Nxd7 26. Bh3 Rd8 27. Be6 Kf8 28. Bxf7 Kxf7 29. bxc6 bxc6 30. Rab1 Bxe5 31. dxe5 Nc5 32. Rec1 Nd7 33.
Rxc6 Nxe5 34. Rb7+ Rd7 35. Rxd7+ Nxd7 36. Rc7 Ke6 37. Rxa7 d4 38. Kf1 g6 39. hxg6 hxg6 40. Ra6+ Ke5 41. Ke2 d3+ 42. Ke3 Kf5 43. Ra5+ Kg4 44. Rd5 Nb6 45. Rd4+ Kf5 46. a5 Nc8 47. a6 Na7 48. Kxd3 g5 49. Kc4 g4 50. Kc5 Ke5 51. Rxg4 1-0

[Event "44th Chess Olympiad Open 2022"]
[Site "Chennai"]
[Date "2022.08.08"]
[Round "10.81"]
[White "Ahmed Aboobakuru"]
[Black "Thomas, Larry"]
[Result "1/2-1/2"]
[WhiteElo "1676"]
[BlackElo "1317"]
[Annotator "NA RC"]
[PlyCount "238"]
[EventDate "2022.??.??"]
[TimeControl "60"]

1. d4 Nf6 2. c4 d5 3. Nc3 e6 4. Bg5 Be7 5. cxd5 exd5 6. Nf3 c6 7. e3 O-O 8. Rc1 Nbd7 9. Bd3 Re8 10. O-O Nf8 11. h3 Be6 12. Bf4 Ng6 13.
Bh2 Bd6 14. Ne5 Nf8 15. Kh1 Qc7 16. Nb5 Qd8 17. Nxd6 Qxd6 18. Nxf7 Qb4 19. Ne5 Rac8 20. Qc2 N6d7 21. Nxd7 Bxd7 22. a3 Qe7 23. Qc5 Qxc5 24. Rxc5 Ne6 25. Rc2 g6 26. Rfc1 Ng7 27. g4 Ne6 28. Kg2 Rf8 29. f4 Ng7 30. Rf1 Rce8 31. Re2 a6 32. e4 dxe4 33. Rxe4 Be6 34. Re5 Rd8 35. Bg1 Bd5+ 36. Kg3 Rf7 37. Be3 Rdf8 38. Rf2 Rf6 39. Re7 R6f7 40. Rxf7 Rxf7 41. b4 Re7 42. Re2 Rf7 43. Bf2 Kf8 44. Re5 Rf6 45. a4 b5 46. axb5 axb5 47. Bxb5 Ne8 48. Bd3 Rd6 49. b5 cxb5 50. Bxb5 Nc7 51. Bd3 Kf7 52. Be4 Bxe4 53. Rxe4 Nd5 54. Kf3 h6 55. Re5 Nb4 56. Ke4 Nc6 57. Rc5 Re6+ 58. Kf3 Rf6 59. Ke4 Re6+ 60. Kd3 Nb4+ 61. Kd2 Na6 62. Ra5 Rd6 63. f5 g5 64. Rb5 Kg8 65. Kd3 Rd8 66. Ke4 Re8+ 67. Re5 Kf7 68.
Rxe8 Kxe8 69. Ke5 Kf7 70. d5 Nb4 71. Bc5 Nd3+ 72. Kd6 Nf4 73.
Kc7 Nxd5+ 74. Kd6 Nf4 75. Ke5 Nd3+ 76. Kd5 Nf4+ 77. Ke4 Ne2 78. Bd4 Nc1 79. Bc3 Nb3 80. Bb4 Nc1 81. Ke3 Kf6 82. Kd2 Nb3+ 83. Kc3 Nc1 84. Ba3 Ne2+ 85. Kd3 Nf4+ 86. Ke4 Nxh3 87. Bb2+ Kf7 88. Bd4 Nf4 89. Be5 Ng6 90. Bd6 Nh4 91. Bc5 Ng6 92. Bd4 Nh4 93. Bc3 Ng6 94. Kd5 Nf4+ 95. Ke4 Ng6 96. Bd2 Nh4 97. Be3 Ng6 98. Bxg5 hxg5 99. fxg6+ Kxg6 100. Ke5 Kg7 101. Kf5 Kh7 102. Kxg5 Kg7 103. Kf5 Kf7 104. g5 Kg7 105. g6 Kg8 106. Kf6 Kf8 107. Kg5 Kg7 108. Kh5 Kg8 109. Kh6 Kh8 110. Kh5 Kg7 111. Kg5 Kg8 112. Kg4 Kg7 113. Kf5 Kg8 114. Kf4 Kg7 115. Kg5 Kg8 116. Kf6 Kf8 117. Ke6 Kg7 118. Kf5 Kg8 119. Kf6 Kf8 1/2-1/2